 Dungeon Crawl Stone Soup version 0.29.1-14-g9c671dbff4 (webtiles) character file.

Game seed: 17837219172014458116

1315 sking99 the Cudgeller (level 8, -3/64 HPs)
             Began as a Formicid Abyssal Knight on Feb 20, 2023.
             Was a Priest of Lugonu.
             Slain by an ogre
             ... wielding a +0 giant spiked club
              (19 damage)
             ... on level 5 of the Dungeon.
             The game lasted 00:11:03 (7335 turns).

sking99 the Cudgeller (Formicid Abyssal Knight)     Turns: 7335, Time: 00:11:04

Health: -3/64      AC: 13    Str: 19    XL:     8   Next: 89%
Magic:  12/12      EV:  6    Int: 11    God:    Lugonu [***...]
Gold:   276        SH:  0    Dex: 14    Spells: 7/7 levels left

rFire   . . .      SeeInvis +   f - +0 flail
rCold   . . .      Faith    .   (no shield)
rNeg    . . .      Spirit   .   d - +0 plate armour
rPois   .          Reflect  .   (helmet unavailable)
rElec   .          Harm     .   l - +0 cloak
rCorr   .          Rampage  .   (no gloves)
Will    .....                   (no boots)
Stlth   ..........              (no amulet)
HPRegen 0.20/turn               (no ring)
MPRegen 0.13/turn               (no ring)

@: no status effects
A: permanent stasis, dig shafts and tunnels, antennae 3, four strong arms
a: Dig, Shaft Self, Renounce Religion, Depart the Abyss, Bend Space, Banish


You were on level 5 of the Dungeon.
You worshipped Lugonu.
Lugonu was most pleased with you.
You visited 1 branch of the dungeon, and saw 5 of its levels.
You visited the Abyss 1 time.

You collected 276 gold pieces.

Inventory:

Hand Weapons
 f - a +0 flail (weapon)
Missiles
 a - a throwing net
Armour
 d - a +0 plate armour (worn)
 l - a +0 cloak (worn)
Wands
 g - a wand of paralysis (5)
 h - a wand of flame (18)
 s - a wand of mindburst (29)
Scrolls
 i - 2 scrolls of enchant armour
Potions
 b - 3 potions of curing
 c - a potion of resistance {unknown}
 e - a potion of ambrosia {unknown}
 j - 2 potions of magic
 k - 2 potions of attraction
 m - 2 potions of degeneration {unknown}
 o - 2 potions of flight
 p - a potion of invisibility {unknown}


   Skills:
 + Level 5.9 Fighting
 * Level 6.6 Maces & Flails
 + Level 5.3 Armour
 - Level 1.3 Dodging
 + Level 5.7 Invocations


You had 7 spell levels left.
You didn't know any spells.
Your spell library contained the following spells:

 Spells                   Type           Power      Damage    Failure   Level
 Freeze                   Ice            0%         1d3       100%        1
 Slow                     Hex            0%         N/A       100%        1
 Summon Small Mammal      Summ           0%         N/A       100%        1
 Call Canine Familiar     Summ           0%         N/A       100%        3
 Confusing Touch          Hex            0%         N/A       100%        3
 Frozen Ramparts          Ice            0%         1d1       100%        3
 Summon Guardian Golem    Hex/Summ       0%         N/A       100%        3
 Vampiric Draining        Necr           0%         2d6       100%        3
 Hailstorm                Conj/Ice       0%         3d3       100%        4
 Ice Form                 Ice/Tmut       0%         N/A       100%        4
 Simulacrum               Ice/Necr       0%         N/A       100%        6


Dungeon Overview and Level Annotations

Branches:
Dungeon (5/15)
 Temple: D:4-7

Altars:
Ashenzari
Fedhas
Hepliaklqana
Kikubaaqudgha
Nemelex Xobeh
Qazlal
Uskayaw

Annotations:
D:4 2 runed translucent doors, NimIero's ghost, amateur TeAE
Abyss:1 Blork the orc; Eustachio; Sigmund


Innate Abilities, Weirdness & Mutations

You cannot be hasted, slowed, berserked, paralysed or teleported.
You can dig through walls and to a lower floor.
You have a pair of large antennae on your head. (SInv)
Your four strong arms can wield two-handed weapons with a shield.


Message History

The boomerang hits you.
* * * LOW HITPOINT WARNING * * *
Found a cloak.
Found an escape hatch in the ceiling.
You see here a +0 cloak.
l - a +0 cloak The orc throws a boomerang.
The boomerang barely misses you.
There is an escape hatch in the ceiling here.
The orc throws a boomerang.
The boomerang barely misses you. A mysterious force pulls you upwards.
The hatch slams shut behind you.
Level annotation: 2 runed translucent doors, NimIero's ghost, amateur TeAE You start resting.
HP restored.
There is a hide-covered altar of Uskayaw here.
There is a stone staircase leading down here.
You start putting on your armour.
You continue putting on your +0 cloak. x4
You finish putting on your +0 cloak.
You climb downwards.
There is a stone staircase leading up, spattered with blood here.
There is a stone staircase leading up, spattered with blood here.
You now have 276 gold pieces (gained 14).
An ogre comes into view. It is wielding a +0 giant spiked club.
The ogre shouts!
There is a stone staircase leading down here.
The ogre hits you with a +0 giant spiked club.
You hit the ogre.
The ogre is lightly wounded.
The ogre hits you with a +0 giant spiked club!!
You closely miss the ogre.
The ogre is lightly wounded.
The ogre closely misses you.
You barely miss the ogre.
The ogre is lightly wounded.
You barely miss the ogre.
The ogre is lightly wounded.
The ogre hits you with a +0 giant spiked club!
* * * LOW HITPOINT WARNING * * *
You closely miss the ogre.
The ogre is lightly wounded.
The ogre hits you with a +0 giant spiked club!!
You die...

....########
##.....# ....
##......## #
...
##..####..###.
##..## ##.....
##..## ##....
##.>## #[..#
##..## #...#
##..## ##....
#.@## #.....
#.O## #...#..
#..# #..#####
#.. #..# # #..
#.# #.. .. #.
##


You could see an ogre.

Vanquished Creatures
  2 black bears
  A scorpion (D:4)
  2 hounds
  A jelly (D:4)
  4 orc priests (D:5)
  Jessica (D:3)
  An iguana (D:5)
  Ijyb (D:5)
  Natasha (thrice) (D:4)
  2 orc wizards
  6 gnolls (D:4)
  4 adders
  A shadow imp (D:5)
  3 worms
  2 dart slugs
  6 orcs
  5 endoplasms
  4 giant cockroaches
  13 goblins
  7 hobgoblins
  6 jackals (D:1)
  3 kobolds
  4 quokkas
  A ball python (D:3)
  5 bats
  6 frilled lizards
  11 rats
105 creatures vanquished.

Vanquished Creatures (others)
  An orc (D:4)
1 creature vanquished.

Grand Total: 106 creatures vanquished

Notes
Turn   | Place    | Note
-------+----------+-------------------------------------------
     0 | Abyss:1  | sking99 the Formicid Abyssal Knight began the quest for the
                  | Orb.
     0 | Abyss:1  | Reached XP level 1. HP: 18/18 MP: 2/2
     1 | D:1      | Escaped the Abyss
    24 | D:1      | Reached skill level 1 in Dodging
   117 | D:1      | Reached XP level 2. HP: 24/24 MP: 3/3
   335 | D:1      | Reached XP level 3. HP: 23/29 MP: 4/4
   582 | D:1      | Found a faded altar of an unknown god.
   740 | D:1      | Reached *** piety under Lugonu
  1026 | D:2      | Noticed Sigmund
  1027 | D:2      | Banished Sigmund
  1028 | D:2      | Reached skill level 3 in Maces & Flails
  1028 | D:2      | Reached XP level 4. HP: 37/37 MP: 1/6
  1028 | D:2      | Reached XP level 5. HP: 42/42 MP: 1/7
  1028 | D:2      | Reached XP level 6. HP: 48/48 MP: 1/8
  1686 | D:2      | Found an ancient bone altar of Kikubaaqudgha.
  2282 | D:3      | Reached skill level 4 in Maces & Flails
  2406 | D:3      | Found an ancient bone altar of Kikubaaqudgha.
  2926 | D:3      | Identified the +2 robe of Undesirable Species {rF+ Slay+3}
  2943 | D:3      | Identified the +4 helmet of Lies {Rampage Str-3 Dex+5}
  2951 | D:3      | Noticed Jessica
  2979 | D:3      | Killed Jessica
  3194 | D:3      | Found a stormy altar of Qazlal.
  3194 | D:3      | Found a hazy altar of Hepliaklqana.
  3194 | D:3      | Found a sparkling altar of Nemelex Xobeh.
  3543 | D:4      | Noticed Natasha
  3584 | D:4      | Killed Natasha
  3871 | D:4      | Reached XP level 7. HP: 32/55 MP: 10/10
  4080 | D:4      | Found a hide-covered altar of Uskayaw.
  4080 | D:4      | Noticed Blork the orc
  4101 | D:4      | Banished Blork the orc
  4334 | D:4      | Noticed Natasha
  4356 | D:4      | Killed Natasha
  4657 | D:4      | Reached skill level 5 in Maces & Flails
  4915 | D:4      | Reached skill level 5 in Fighting
  5100 | D:4      | Reached XP level 8. HP: 14/62 MP: 6/11
  5373 | D:4      | Found a broken altar of Ashenzari.
  5505 | D:4      | Found a large runed translucent door.
  5506 | D:4      | Found a large runed translucent door.
  5508 | D:4      | Noticed NimIero's ghost (amateur TeAE)
  5569 | D:4      | Found a blossoming altar of Fedhas.
  5694 | D:4      | Reached skill level 5 in Invocations
  5801 | D:4      | Noticed Natasha
  5819 | D:4      | Killed Natasha
  6193 | D:5      | Entered Level 5 of the Dungeon
  6442 | D:5      | Noticed Eustachio
  6446 | D:5      | Banished Eustachio
  6447 | D:5      | Reached skill level 6 in Maces & Flails
  6454 | D:5      | Reached skill level 5 in Armour
  6891 | D:5      | Noticed Ijyb
  6903 | D:5      | Killed Ijyb
  7335 | D:5      | Slain by an ogre

Illustrated notes

Levels and vault maps discovered:
D:1:      dpeg_arrival_ratfight, layout_rooms,
          ebering_ecumenical_altar_abandoned
D:2:      kennysheep_the_goblin_king, layout_basic, basic_altar, uniq_sigmund
D:3:      layout_basic, mainiacjoe_overflow_alcove_1,
          gammafunk_temple_overflow_claw, serial_corexii_hall,
          chequers_hall_statues_y, corexii_hall_statues_s,
          chequers_serial_rivers_room_a, uniq_jessica
D:4:      cheibrodos_old_hovel, layout_basic, grunt_temple_overflow_open,
          ebering_ghost_disaster_area, uniq_blork_the_orc, uniq_natasha
D:5:      layout_layer_cave, uniq_eustachio, uniq_ijyb

Skill      XL: |  1  2  3  4  5  6  7  8 |
---------------+-------------------------+-----
Dodging        | 1 |  1.3
Fighting       | 4 5 |  5.9
Maces & Flails | 3 4 5 6 |  6.6
Armour         | 3 4 5 |  5.3
Invocations    | 3 4 5 |  5.7

Action                   |  1- 3 |  4- 6 |  7- 9 || total
-------------------------+-------+-------+-------++-------
Melee: Mace              |    96 |   162 |    89 ||   347
       Punch             |       |       |     3 ||     3
       Flail             |       |       |   113 ||   113
Invok: Banish            |     1 |       |     3 ||     4
       Bend Space        |       |       |     1 ||     1
  Use: Scroll            |       |    10 |     4 ||    14
Armor: Leather armour    |    39 |       |       ||    39
       Chain mail        |    22 |    85 |    60 ||   167
       Plate armour      |       |       |    86 ||    86
Dodge: Dodged            |    69 |    58 |    73 ||   200
